Knights vs Harfangs
Created - November 23, 2019 at 22:41
Goals
|
Knights |
1 |
3 |
2 |
6 |
Harfangs |
0 |
3 |
1 |
4 |
|
Shots
|
Knights |
8 |
16 |
11 |
35 |
Harfangs |
7 |
15 |
8 |
30 |
|
1st period
1. Knights , Alan Quine 1 (Vince Hinostroza 3, Nathan Walker 3) at 15:17
Penalties :
Calle Jarnkrok (BEA) for Interference (Minor) at 0:14, Calle Jarnkrok (BEA) for Hooking (Minor) at 15:36
2nd period
2. Knights , Miro Aaltonen 5 (Linden Vey 10, Collin Miller 3) at 1:17 (PP)
3. Harfangs , Lucas Wallmarkk 2 (Morgan Klimchuk 4, Jake Dotchin 4) at 2:44
4. Knights , Vince Hinostroza 2 (Nathan Walker 4, Valentin Zykov 2) at 3:39
5. Harfangs , Calle Jarnkrok 12 (Michael Bournival 7, Tyler Randell 17) at 12:18
6. Harfangs , Reid McNeill 3 (Tyler Randell 18, Dylan Olsen 5) at 15:21
7. Knights , Josh Bailey 6 (Boone Jenner 5, Jaccob Slavin 6) at 16:47
Penalties :
Oscar Sundqvist (BEA) for Holding (Minor) at 0:43, Calle Jarnkrok (BEA) for Tripping (Minor) at 3:42, Erik Nystrom (BEA) for Hooking (Minor) at 8:44
3rd period
8. Knights , Ronalds Kenins 2 (Josh Bailey 6, Boone Jenner 6) at 0:43
9. Harfangs , Michael Bournival 8 (Tyler Randell 19, Reid McNeill 7) at 5:14
10. Knights , Jaccob Slavin 1 (Josh Bailey 7, Magnus Hellberg) at 6:11 (PP)
Penalties :
Calle Jarnkrok (BEA) for Hooking (Minor) at 5:38, Reid McNeill (BEA) for Roughing (Minor) at 6:33, Dylan Olsen (BEA) for Holding (Minor) at 13:13, Reid McNeill (BEA) for Hooking (Minor) at 13:22
Goalie Stats
Magnus Hellberg (Lon), 26 saves from 30 shots - (0.867), W, 6-5-2, 60:00 minutes
Anton Forsberg (BEA), 29 saves from 35 shots - (0.829), L, 5-3-1, 60:00 minutes
Players Stats for Knights
Player Name G A P +/- PIM S H SB GA TA FO MP PP MP PK MP
------------------------------------------------------------------------------------
Alan Quine 1 0 1 1 0 1 1 0 0 0 2/3 8:32 0:00 0:00
Boone Jenner 0 2 2 0 0 2 2 1 0 1 13/31 22:41 8:06 0:00
Brendan Gaunce 0 0 0 0 0 4 0 2 1 0 4/6 12:35 0:02 0:00
Collin Miller 0 1 1 1 0 2 2 0 0 0 0/0 18:42 7:43 0:00
Jaccob Slavin 1 1 2 1 0 4 0 2 0 1 0/0 28:44 7:43 0:00
Jordan Martinook 0 0 0 -1 0 2 2 0 0 1 1/1 19:17 8:06 0:00
Josh Bailey 1 2 3 0 0 6 1 1 1 1 1/2 22:31 8:06 0:00
Josh Morrissey 0 0 0 -2 0 0 0 0 0 0 0/0 13:48 0:00 0:00
Linden Vey 0 1 1 -1 0 1 4 0 0 0 1/1 16:29 5:04 0:00
Ludwig Bystrom 0 0 0 1 0 0 0 0 0 0 0/0 10:58 0:39 0:00
Michael Matheson 0 0 0 -2 0 1 5 2 1 0 0/0 19:57 4:48 0:00
Miro Aaltonen 1 0 1 -1 0 1 1 0 0 0 3/7 16:12 5:02 0:00
Nathan Walker 0 2 2 1 0 2 0 0 0 0 0/1 8:22 0:00 0:00
Nikolay Goldobin 0 0 0 0 0 2 1 1 0 0 1/1 11:33 0:00 0:00
Ronalds Kenins 1 0 1 0 0 2 0 0 1 0 0/1 19:51 5:04 0:00
Tomas Kundratek 0 0 0 1 0 1 1 5 0 2 0/0 27:51 5:27 0:00
Valentin Zykov 0 1 1 0 0 1 0 0 1 1 0/0 12:30 0:00 0:00
Vince Hinostroza 1 1 2 1 0 3 0 1 0 0 1/1 9:27 0:00 0:00
Players Stats for Harfangs
Player Name G A P +/- PIM S H SB GA TA FO MP PP MP PK MP
------------------------------------------------------------------------------------
Andreas Martinsen 0 0 0 -2 0 1 2 0 0 1 1/1 18:54 0:00 4:35
Anthony Angello 0 0 0 0 0 0 0 0 0 0 0/0 0:00 0:00 0:00
Blake Heinrich 0 0 0 1 0 0 1 1 1 0 0/0 12:01 0:00 2:08
Brendan Leipsic 0 0 0 0 0 0 0 0 0 0 0/0 2:01 0:00 0:00
Brenden Kichton 0 0 0 1 0 0 1 1 0 0 0/0 10:40 0:00 0:52
Calle Jarnkrok 1 0 1 1 8 3 1 1 2 0 16/26 16:01 0:00 1:15
Chase De Leo 0 0 0 0 0 0 0 0 0 0 0/0 3:46 0:00 3:30
Cristoval Nieves 0 0 0 0 0 1 1 0 0 1 0/1 10:16 0:00 0:00
Devon Teows 0 0 0 0 0 0 0 0 0 0 0/0 5:08 0:00 0:00
Dylan Olsen 0 1 1 0 2 6 0 4 1 0 0/0 25:05 0:00 6:48
Erik Nystrom 0 0 0 0 2 1 1 0 0 0 0/0 10:17 0:00 0:00
Jake Dotchin 0 1 1 -1 0 1 0 0 0 0 0/0 18:51 0:00 5:15
JC Lipon 0 0 0 0 0 0 0 0 0 0 0/0 0:00 0:00 0:00
Laurent Dauphin 0 0 0 0 0 0 0 0 0 0 0/0 0:16 0:00 0:00
Lucas Wallmarkk 1 0 1 1 0 1 1 2 0 0 0/3 5:21 0:00 0:00
Mark Alt 0 0 0 -1 0 1 1 3 0 2 0/0 18:08 0:00 4:32
Michael Bournival 1 1 2 1 0 1 2 0 2 0 1/1 21:33 0:00 6:49
Morgan Klimchuk 0 1 1 1 0 3 2 0 0 0 0/0 7:27 0:00 0:12
Nick Sorensen 0 0 0 1 0 0 0 0 0 0 0/0 7:06 0:00 0:00
Oscar Sundqvist 0 0 0 -2 2 1 0 0 0 0 4/7 15:06 0:00 0:39
Reid McNeill 1 1 2 0 4 3 2 2 0 0 0/0 23:26 0:00 5:35
Rinat Valiev 0 0 0 0 0 0 0 1 0 0 0/0 6:41 0:00 1:11
Ryan Hartman 0 0 0 -2 0 0 0 1 0 0 0/2 14:19 0:00 0:00
Sven Andrighetto 0 0 0 0 0 2 0 0 0 0 0/0 10:16 0:00 0:00
Tyler Randell 0 3 3 1 0 5 1 0 1 1 6/14 22:12 0:00 7:28
3 Stars
1 - Josh Bailey (Lon)
2 - Jaccob Slavin (Lon)
3 - Vince Hinostroza (Lon)
Power Play
Knights - 2 on 9 Attempt(s) - 22.22%
Harfangs - 0 on 0 Attempt(s) - 0.00%
Penalty Kill
Knights - 0 on 0 Attempt(s) - 0.00%
- Score 0 goal in Penalty Kill
Harfangs - 7 on 9 Attempt(s) - 77.78%
- Score 0 goal in Penalty Kill
Team Stat
Knights - Hits : 20 - Faceoff Wins : 27 - Blocked Shots : 15 - Penalty Minutes : 0
Harfangs - Hits : 16 - Faceoff Wins : 28 - Blocked Shots : 16 - Penalty Minutes : 18
Official
Referees : Unknown
Linesman : Unknown
Game Notes
Lucas Wallmarkk is injured at 3:54 of 3rd period (Sprained Left Ankle)
5:14 of 3rd period - Harfangs goal is going for a video replay. After video review, Goal.
Finance
Level 1 -- Attendance: 1492 (74.60%) -- Ticket Income $50,728
Level 2 -- Attendance: 715 (71.50%) -- Ticket Income $13,585
Total Attendance: 2207 (73.57%)
Total Ticket Income: $64,313
Other Income: $3,216
Total Income: $67,529
Knights
5 vs 5 Forward
Center Left Wing Right Wing Time % Phy DF OF
1 Boone Jenner Ronalds Kenins Josh Bailey 40 1 2 2
2 Miro Aaltonen Jordan Martinook Linden Vey 30 1 2 2
3 Brendan Gaunce Valentin Zykov Nikolay Goldobin 20 1 2 2
4 Alan Quine Nathan Walker Vince Hinostroza 10 1 2 2
5 vs 5 Defense
Defense Defense Time % Phy DF OF
1 Jaccob Slavin Tomas Kundratek 40 1 2 2
2 Michael Matheson Josh Morrissey 30 1 2 2
3 Collin Miller Ludwig Bystrom 20 1 2 2
4 Tomas Kundratek Jaccob Slavin 10 1 2 2
PowerPlay Forward
Center Left Wing Right Wing Time % Phy DF OF
1 Boone Jenner Jordan Martinook Josh Bailey 60 1 1 3
2 Miro Aaltonen Ronalds Kenins Linden Vey 40 1 1 3
PowerPlay Defense
Defense Defense Time % Phy DF OF
1 Jaccob Slavin Collin Miller 60 0 1 4
2 Michael Matheson Tomas Kundratek 40 0 1 4
Penalty Kill 4 Players Forward
Center Wing Time % Phy DF OF
1 Boone Jenner Linden Vey 60 1 3 1
2 Brendan Gaunce Josh Bailey 40 1 3 1
Penalty Kill 4 Players Defense
Defense Defense Time % Phy DF OF
1 Tomas Kundratek Jaccob Slavin 60 1 3 1
2 Michael Matheson Collin Miller 40 1 3 1
Penalty Kill - 3 Players Forward
Forward Time % Phy DF OF
1 Jordan Martinook 60 0 4 1
2 Linden Vey 40 0 4 1
Penalty Kill - 3 Players Defense
Defense Defense Time % Phy DF OF
1 Tomas Kundratek Jaccob Slavin 60 1 3 1
2 Michael Matheson Collin Miller 40 1 3 1
4 vs 4 Forward
Center Wing Time % Phy DF OF
1 Miro Aaltonen Linden Vey 60 1 2 2
2 Brendan Gaunce Josh Bailey 40 1 2 2
4 vs 4 Defense
Defense Defense Time % Phy DF OF
1 Jaccob Slavin Tomas Kundratek 60 1 2 2
2 Michael Matheson Collin Miller 40 1 2 2
Last Minutes Offensive
Center Left Wing Right Wing Defense Defense
Miro Aaltonen Linden Vey Josh Bailey Jaccob Slavin Tomas Kundratek
Last Minutes Defensive
Center Left Wing Right Wing Defense Defense
Boone Jenner Linden Vey Jordan Martinook Tomas Kundratek Jaccob Slavin
Goaltenders
Starting : Magnus Hellberg
Backup : Elvis Merzlikins
Extra Forwards
Normal : Jordan Martinook, Linden Vey, Miro Aaltonen - PP : Linden Vey, Miro Aaltonen - PK : Miro Aaltonen
Extra Defensemen
Normal : Jaccob Slavin, Michael Matheson, Tomas Kundratek - PP : Michael Matheson - PK : Jaccob Slavin, Michael Matheson
Penalty Shots
Miro Aaltonen, Jordan Martinook, Brendan Gaunce, Nathan Walker, Linden Vey
Scratches
Zach Nastasiuk (Healthy), Nicklas Jensen (Healthy), David Shields (Healthy), Matthew Benning (Healthy), Trevor Moore (Healthy)
Scott Wilson (Healthy), Curtis Valk (Healthy), Anthony Louis (Healthy), Travis Boyd (Healthy), Nicolas Petan (Sports Hernia Injury)
Fredrik Claesson (Healthy), Mackenzie MacEachern (Healthy), Anton Blidh (Healthy), Jayce Hawryluk (Healthy), A.J. Jenks (Healthy)
Ryan Collins (Healthy), William Lagesson (Healthy), Eamon McAdam (Healthy), Philippe Desrosiers (Healthy), Ville Husso (Healthy)
Harfangs
5 vs 5 Forward
Center Left Wing Right Wing Time % Phy DF OF
1 Calle Jarnkrok Michael Bournival Tyler Randell 40 1 2 2
2 Oscar Sundqvist Andreas Martinsen Ryan Hartman 30 1 2 2
3 Cristoval Nieves Erik Nystrom Sven Andrighetto 20 1 2 2
4 Lucas Wallmarkk Morgan Klimchuk Nick Sorensen 10 1 2 2
5 vs 5 Defense
Defense Defense Time % Phy DF OF
1 Dylan Olsen Reid McNeill 40 1 2 2
2 Mark Alt Jake Dotchin 30 1 2 2
3 Brenden Kichton Blake Heinrich 20 1 2 2
4 Rinat Valiev Devon Teows 10 1 2 2
PowerPlay Forward
Center Left Wing Right Wing Time % Phy DF OF
1 Calle Jarnkrok Michael Bournival Tyler Randell 60 1 2 2
2 Oscar Sundqvist Andreas Martinsen Ryan Hartman 40 1 2 2
PowerPlay Defense
Defense Defense Time % Phy DF OF
1 Dylan Olsen Reid McNeill 60 1 2 2
2 Mark Alt Jake Dotchin 40 1 2 2
Penalty Kill 4 Players Forward
Center Wing Time % Phy DF OF
1 Tyler Randell Michael Bournival 60 1 2 2
2 Andreas Martinsen Calle Jarnkrok 40 1 2 2
Penalty Kill 4 Players Defense
Defense Defense Time % Phy DF OF
1 Dylan Olsen Reid McNeill 60 1 2 2
2 Mark Alt Jake Dotchin 40 1 2 2
Penalty Kill - 3 Players Forward
Forward Time % Phy DF OF
1 Tyler Randell 60 1 2 2
2 Michael Bournival 40 1 2 2
Penalty Kill - 3 Players Defense
Defense Defense Time % Phy DF OF
1 Dylan Olsen Reid McNeill 60 1 2 2
2 Mark Alt Jake Dotchin 40 1 2 2
4 vs 4 Forward
Center Wing Time % Phy DF OF
1 Tyler Randell Michael Bournival 60 1 2 2
2 Andreas Martinsen Calle Jarnkrok 40 1 2 2
4 vs 4 Defense
Defense Defense Time % Phy DF OF
1 Dylan Olsen Reid McNeill 60 1 2 2
2 Mark Alt Jake Dotchin 40 1 2 2
Last Minutes Offensive
Center Left Wing Right Wing Defense Defense
Calle Jarnkrok Michael Bournival Tyler Randell Dylan Olsen Reid McNeill
Last Minutes Defensive
Center Left Wing Right Wing Defense Defense
Calle Jarnkrok Michael Bournival Tyler Randell Dylan Olsen Reid McNeill
Goaltenders
Starting : Anton Forsberg
Backup : Ilya Sorokin
Extra Forwards
Normal : Brendan Leipsic, Laurent Dauphin, Chase De Leo - PP : Brendan Leipsic, Laurent Dauphin - PK : Chase De Leo
Extra Defensemen
Normal : Brenden Kichton, Blake Heinrich, Rinat Valiev - PP : Brenden Kichton - PK : Blake Heinrich, Rinat Valiev
Penalty Shots
Tyler Randell, Michael Bournival, Andreas Martinsen, Calle Jarnkrok, Oscar Sundqvist
Scratches
Justin Kirkland (Healthy), Victor Bartley (Right Leg Injury), Jason Kasdorf (Healthy), Mark Visentin (Healthy), Scott Wedgewood (Healthy)
Zachary Fucale (Healthy)
% Time on Ice - Knights
Lines # - Real PCT - Wanted PCT - Time Play
Normal Forward
1 - 31% - 40% - 14:43
2 - 26% - 30% - 12:18
3 - 25% - 20% - 11:33
4 - 18% - 10% - 8:16
Normal Defense
1 - 41% - 40% - 19:04
2 - 33% - 30% - 15:37
3 - 21% - 20% - 9:58
4 - 5% - 10% - 2:11
PP Forward
1 - 62% - 60% - 8:06
2 - 38% - 40% - 5:04
PP Defense
1 - 59% - 60% - 7:43
2 - 41% - 40% - 5:27
PK Forward
1 - 0% - 60%
2 - 0% - 40%
PK Defense
1 - 0% - 60%
2 - 0% - 40%
PK3 Forward
1 - 0% - 60%
2 - 0% - 40%
PK3 Defense
1 - 0% - 60%
2 - 0% - 40%
44 Forward
1 - 0% - 60%
2 - 0% - 40%
44 Defense
1 - 0% - 60%
2 - 0% - 40%
Last Minute Offensive - 0:00
Last Minute Defensive - 0:00
Total
Forward - 60:00
Defense - 60:00
|
% Time on Ice - Harfangs
Lines # - Real PCT - Wanted PCT - Time Play
Normal Forward
1 - 32% - 40% - 14:53
2 - 31% - 30% - 14:35
3 - 22% - 20% - 10:16
4 - 15% - 10% - 7:06
Normal Defense
1 - 39% - 40% - 18:18
2 - 29% - 30% - 13:36
3 - 21% - 20% - 9:48
4 - 11% - 10% - 5:08
PP Forward
1 - 0% - 60%
2 - 0% - 40%
PP Defense
1 - 0% - 60%
2 - 0% - 40%
PK Forward
1 - 71% - 60% - 8:02
2 - 29% - 40% - 3:18
PK Defense
1 - 61% - 60% - 6:57
2 - 39% - 40% - 4:23
PK3 Forward
1 - 88% - 60% - 1:37
2 - 12% - 40% - 0:13
PK3 Defense
1 - 100% - 60% - 1:50
2 - 0% - 40% - 0:00
44 Forward
1 - 0% - 60%
2 - 0% - 40%
44 Defense
1 - 0% - 60%
2 - 0% - 40%
Last Minute Offensive - 0:00
Last Minute Defensive - 0:00
Total
Forward - 60:00
Defense - 60:00
|
Play-by-Play
1st period
0:01 of 1st period - Calle Jarnkrok wins face-off versus Boone Jenner in neutral zone.
0:14 of 1st period - Minor Penalty to Calle Jarnkrok for Interference.
0:15 of 1st period - Boone Jenner wins face-off versus Tyler Randell in Harfangs zone.
0:19 of 1st period - Wrist shot by Boone Jenner.
0:19 of 1st period - Shot Blocked by Reid McNeill.
1:03 of 1st period - Off-side.
1:04 of 1st period - Andreas Martinsen wins face-off versus Boone Jenner in neutral zone.
1:09 of 1st period - Snap shot by Andreas Martinsen.
1:09 of 1st period - Shot Misses the Net.
1:41 of 1st period - Reid McNeill is hit by Josh Bailey and loses puck.
2:04 of 1st period - Slapshot by Boone Jenner.
2:04 of 1st period - Stopped by Anton Forsberg with a rebound.
2:14 of 1st period - Penalty to Calle Jarnkrok is over, Calle Jarnkrok is back on ice.
2:30 of 1st period - Slapshot by Josh Bailey.
2:30 of 1st period - Shot Blocked by Dylan Olsen.
3:54 of 1st period - Slapshot by Ronalds Kenins.
3:54 of 1st period - Shot Misses the Net.
4:35 of 1st period - Slapshot by Sven Andrighetto.
4:35 of 1st period - Stopped by Magnus Hellberg without a rebound.
4:36 of 1st period - Linden Vey wins face-off versus Lucas Wallmarkk in Knights zone.
4:42 of 1st period - Off-side.
4:43 of 1st period - Tyler Randell wins face-off versus Brendan Gaunce in neutral zone.
4:55 of 1st period - Wrist shot by Michael Bournival.
4:55 of 1st period - Shot Blocked by Nikolay Goldobin.
4:57 of 1st period - Slapshot by Dylan Olsen.
4:57 of 1st period - Stopped by Magnus Hellberg without a rebound.
4:58 of 1st period - Boone Jenner wins face-off versus Calle Jarnkrok in Knights zone.
5:50 of 1st period - Slapshot by Josh Bailey.
5:50 of 1st period - Stopped by Anton Forsberg with a rebound.
6:33 of 1st period - Snap shot by Ronalds Kenins.
6:33 of 1st period - Shot Blocked by Ryan Hartman.
6:35 of 1st period - Wrist shot by Ronalds Kenins.
6:35 of 1st period - Shot Blocked by Mark Alt.
7:09 of 1st period - Snap shot by Josh Bailey.
7:09 of 1st period - Shot Blocked by Mark Alt.
7:21 of 1st period - Snap shot by Josh Bailey.
7:21 of 1st period - Stopped by Anton Forsberg without a rebound.
7:22 of 1st period - Calle Jarnkrok wins face-off versus Miro Aaltonen in Harfangs zone.
7:31 of 1st period - Snap shot by Michael Bournival.
7:31 of 1st period - Shot Misses the Net.
7:33 of 1st period - Slapshot by Reid McNeill.
7:33 of 1st period - Deflect By Tyler Randell.
7:33 of 1st period - Stopped by Magnus Hellberg with a rebound.
7:35 of 1st period - Snap shot by Reid McNeill.
7:35 of 1st period - Stopped by Magnus Hellberg with a rebound.
7:37 of 1st period - Slapshot by Dylan Olsen.
7:37 of 1st period - Shot Blocked by Michael Matheson.
7:51 of 1st period - Snap shot by Valentin Zykov.
7:51 of 1st period - Shot Misses the Net.
8:20 of 1st period - Snap shot by Dylan Olsen.
8:20 of 1st period - Stopped by Magnus Hellberg with a rebound.
8:55 of 1st period - Erik Nystrom is hit by Alan Quine and loses puck.
9:08 of 1st period - Calle Jarnkrok is hit by Michael Matheson and loses puck.
9:34 of 1st period - Slapshot by Morgan Klimchuk.
9:34 of 1st period - Stopped by Magnus Hellberg with a rebound.
9:46 of 1st period - Morgan Klimchuk is hit by Collin Miller.
10:37 of 1st period - Tomas Kundratek is hit by Mark Alt and loses puck.
12:17 of 1st period - Icing by Ryan Hartman.
12:18 of 1st period - Oscar Sundqvist wins face-off versus Alan Quine in Harfangs zone.
13:23 of 1st period - Off-side.
13:24 of 1st period - Boone Jenner wins face-off versus Lucas Wallmarkk in neutral zone.
13:49 of 1st period - Reid McNeill is hit by Michael Matheson and loses puck.
14:38 of 1st period - Snap shot by Josh Bailey.
14:38 of 1st period - Shot Blocked by Blake Heinrich.
14:40 of 1st period - Snap shot by Josh Bailey.
14:40 of 1st period - Stopped by Anton Forsberg with a rebound.
15:13 of 1st period - Wrist shot by Vince Hinostroza.
15:13 of 1st period - Stopped by Anton Forsberg with a rebound.
15:15 of 1st period - Wrist shot by Vince Hinostroza.
15:15 of 1st period - Stopped by Anton Forsberg with a rebound.
15:17 of 1st period - Snap shot by Alan Quine.
15:17 of 1st period - Goal by Alan Quine - Knights : 1 - Harfangs : 0.
15:18 of 1st period - Boone Jenner wins face-off versus Calle Jarnkrok in neutral zone.
15:36 of 1st period - Minor Penalty to Calle Jarnkrok for Hooking.
15:37 of 1st period - Boone Jenner wins face-off versus Tyler Randell in Harfangs zone.
15:47 of 1st period - Snap shot by Josh Bailey.
15:47 of 1st period - Deflect By Michael Bournival.
15:47 of 1st period - Stopped by Anton Forsberg with a rebound.
17:36 of 1st period - Penalty to Calle Jarnkrok is over, Calle Jarnkrok is back on ice.
18:14 of 1st period - Snap shot by Vince Hinostroza.
18:14 of 1st period - Shot Misses the Net.
18:50 of 1st period - Jordan Martinook is hit by Michael Bournival and loses puck.
19:07 of 1st period - Backhand shot by Morgan Klimchuk.
19:07 of 1st period - Stopped by Magnus Hellberg with a rebound.
19:09 of 1st period - Slapshot by Jake Dotchin.
19:09 of 1st period - Deflect By Morgan Klimchuk.
19:09 of 1st period - Shot Misses the Net.
19:09 of 1st period - Puck is out of play.
19:10 of 1st period - Calle Jarnkrok wins face-off versus Nathan Walker in Knights zone.
19:23 of 1st period - Slapshot by Michael Bournival.
19:23 of 1st period - Shot Misses the Net.
19:29 of 1st period - Calle Jarnkrok is hit by Boone Jenner and loses puck.
19:56 of 1st period - Snap shot by Andreas Martinsen.
19:56 of 1st period - Shot Misses the Net.
Goals for this period are 1 for Knights vs 0 for Harfangs.
Shots for this period are 8 for Knights vs 7 for Harfangs.
2nd period
0:01 of 2nd period - Boone Jenner wins face-off versus Tyler Randell in neutral zone.
0:26 of 2nd period - Dylan Olsen is hit by Jordan Martinook and loses puck.
0:43 of 2nd period - Minor Penalty to Oscar Sundqvist for Holding.
0:44 of 2nd period - Tyler Randell wins face-off versus Boone Jenner in Harfangs zone.
1:13 of 2nd period - Snap shot by Collin Miller.
1:13 of 2nd period - Deflect By Andreas Martinsen.
1:13 of 2nd period - Stopped by Anton Forsberg with a rebound.
1:17 of 2nd period - Snap shot by Miro Aaltonen.
1:17 of 2nd period - Goal by Miro Aaltonen - Knights : 2 - Harfangs : 0.
1:18 of 2nd period - Calle Jarnkrok wins face-off versus Boone Jenner in neutral zone.
1:23 of 2nd period - Snap shot by Calle Jarnkrok.
1:23 of 2nd period - Shot Blocked by Tomas Kundratek.
1:29 of 2nd period - Wrist shot by Calle Jarnkrok.
1:29 of 2nd period - Stopped by Magnus Hellberg without a rebound.
1:30 of 2nd period - Calle Jarnkrok wins face-off versus Boone Jenner in Knights zone.
1:31 of 2nd period - Snap shot by Michael Bournival.
1:31 of 2nd period - Shot Misses the Net.
1:41 of 2nd period - Wrist shot by Boone Jenner.
1:41 of 2nd period - Shot Blocked by Reid McNeill.
1:57 of 2nd period - Miro Aaltonen is hit by Erik Nystrom and loses puck.
2:42 of 2nd period - Wrist shot by Morgan Klimchuk.
2:42 of 2nd period - Shot Misses the Net.
2:44 of 2nd period - Wrist shot by Lucas Wallmarkk.
2:44 of 2nd period - Goal by Lucas Wallmarkk - Knights : 2 - Harfangs : 1.
2:45 of 2nd period - Michael Bournival wins face-off versus Boone Jenner in neutral zone.
2:58 of 2nd period - Wrist shot by Michael Bournival.
2:58 of 2nd period - Shot Blocked by Boone Jenner.
3:00 of 2nd period - Wrist shot by Michael Bournival.
3:00 of 2nd period - Shot Misses the Net.
3:10 of 2nd period - Oscar Sundqvist is hit by Miro Aaltonen and loses puck.
3:37 of 2nd period - Snap shot by Nathan Walker.
3:37 of 2nd period - Stopped by Anton Forsberg with a rebound.
3:39 of 2nd period - Wrist shot by Vince Hinostroza.
3:39 of 2nd period - Goal by Vince Hinostroza - Knights : 3 - Harfangs : 1.
3:40 of 2nd period - Calle Jarnkrok wins face-off versus Boone Jenner in neutral zone.
3:42 of 2nd period - Minor Penalty to Calle Jarnkrok for Tripping.
3:43 of 2nd period - Tyler Randell wins face-off versus Josh Bailey in Harfangs zone.
3:49 of 2nd period - Snap shot by Boone Jenner.
3:49 of 2nd period - Shot Misses the Net.
3:51 of 2nd period - Slapshot by Jaccob Slavin.
3:51 of 2nd period - Shot Misses the Net.
3:57 of 2nd period - Slapshot by Jaccob Slavin.
3:57 of 2nd period - Deflect By Jordan Martinook.
3:57 of 2nd period - Shot Misses the Net.
3:57 of 2nd period - Puck is out of play.
3:58 of 2nd period - Tyler Randell wins face-off versus Boone Jenner in Harfangs zone.
4:23 of 2nd period - Dylan Olsen is hit by Linden Vey and loses puck.
5:34 of 2nd period - Josh Bailey is hit by Reid McNeill and loses puck.
5:42 of 2nd period - Penalty to Calle Jarnkrok is over, Calle Jarnkrok is back on ice.
7:11 of 2nd period - Boone Jenner is hit by Calle Jarnkrok and loses puck.
7:26 of 2nd period - Slapshot by Tyler Randell.
7:26 of 2nd period - Stopped by Magnus Hellberg without a rebound.
7:27 of 2nd period - Nikolay Goldobin wins face-off versus Oscar Sundqvist in Knights zone.
7:27 of 2nd period - Nikolay Goldobin is hit by Andreas Martinsen.
7:38 of 2nd period - Oscar Sundqvist is hit by Michael Matheson and loses puck.
8:07 of 2nd period - Snap shot by Valentin Zykov.
8:07 of 2nd period - Shot Blocked by Lucas Wallmarkk.
8:09 of 2nd period - Wrist shot by Nikolay Goldobin.
8:09 of 2nd period - Stopped by Anton Forsberg with a rebound.
8:11 of 2nd period - Slapshot by Michael Matheson.
8:11 of 2nd period - Deflect By Jake Dotchin.
8:11 of 2nd period - Stopped by Anton Forsberg with a rebound.
8:44 of 2nd period - Minor Penalty to Erik Nystrom for Hooking.
8:45 of 2nd period - Tyler Randell wins face-off versus Boone Jenner in Harfangs zone.
10:44 of 2nd period - Penalty to Erik Nystrom is over, Erik Nystrom is back on ice.
11:14 of 2nd period - Off-side.
11:15 of 2nd period - Brendan Gaunce wins face-off versus Lucas Wallmarkk in neutral zone.
11:26 of 2nd period - Brendan Gaunce is hit by Lucas Wallmarkk and loses puck.
11:42 of 2nd period - Icing by Brenden Kichton.
11:43 of 2nd period - Oscar Sundqvist wins face-off versus Boone Jenner in Harfangs zone.
11:48 of 2nd period - Wrist shot by Andreas Martinsen.
11:48 of 2nd period - Shot Misses the Net.
12:16 of 2nd period - Snap shot by Michael Bournival.
12:16 of 2nd period - Shot Blocked by Michael Matheson.
12:18 of 2nd period - Wrist shot by Calle Jarnkrok.
12:18 of 2nd period - Goal by Calle Jarnkrok - Knights : 3 - Harfangs : 2.
12:19 of 2nd period - Calle Jarnkrok wins face-off versus Boone Jenner in neutral zone.
12:22 of 2nd period - Slapshot by Dylan Olsen.
12:22 of 2nd period - Shot Blocked by Tomas Kundratek.
12:24 of 2nd period - Slapshot by Dylan Olsen.
12:24 of 2nd period - Shot Hit the Post.
12:28 of 2nd period - Slapshot by Calle Jarnkrok.
12:28 of 2nd period - Stopped by Magnus Hellberg without a rebound.
12:29 of 2nd period - Tyler Randell wins face-off versus Boone Jenner in Knights zone.
12:40 of 2nd period - Snap shot by Tyler Randell.
12:40 of 2nd period - Shot Misses the Net.
12:42 of 2nd period - Snap shot by Dylan Olsen.
12:42 of 2nd period - Stopped by Magnus Hellberg with a rebound.
13:04 of 2nd period - Snap shot by Josh Bailey.
13:04 of 2nd period - Shot Blocked by Calle Jarnkrok.
13:16 of 2nd period - Snap shot by Calle Jarnkrok.
13:16 of 2nd period - Deflect By Michael Bournival.
13:16 of 2nd period - Shot Misses the Net.
13:16 of 2nd period - Puck is out of play.
13:17 of 2nd period - Miro Aaltonen wins face-off versus Oscar Sundqvist in Knights zone.
13:43 of 2nd period - Linden Vey is hit by Morgan Klimchuk and loses puck.
14:10 of 2nd period - Cristoval Nieves is hit by Nikolay Goldobin.
14:26 of 2nd period - Snap shot by Nathan Walker.
14:26 of 2nd period - Stopped by Anton Forsberg without a rebound.
14:27 of 2nd period - Alan Quine wins face-off versus Ryan Hartman in Harfangs zone.
14:50 of 2nd period - Oscar Sundqvist is hit by Tomas Kundratek and loses puck.
15:09 of 2nd period - Snap shot by Andreas Martinsen.
15:09 of 2nd period - Stopped by Magnus Hellberg without a rebound.
15:10 of 2nd period - Calle Jarnkrok wins face-off versus Boone Jenner in Knights zone.
15:13 of 2nd period - Wrist shot by Michael Bournival.
15:13 of 2nd period - Shot Misses the Net.
15:15 of 2nd period - Slapshot by Dylan Olsen.
15:15 of 2nd period - Stopped by Magnus Hellberg with a rebound.
15:17 of 2nd period - Slapshot by Tyler Randell.
15:17 of 2nd period - Stopped by Magnus Hellberg with a rebound.
15:19 of 2nd period - Backhand shot by Reid McNeill.
15:19 of 2nd period - Stopped by Magnus Hellberg with a rebound.
15:21 of 2nd period - Snap shot by Reid McNeill.
15:21 of 2nd period - Goal by Reid McNeill - Knights : 3 - Harfangs : 3.
15:22 of 2nd period - Boone Jenner wins face-off versus Calle Jarnkrok in neutral zone.
15:27 of 2nd period - Tyler Randell is hit by Boone Jenner and loses puck.
15:45 of 2nd period - Icing by Josh Bailey.
15:46 of 2nd period - Miro Aaltonen wins face-off versus Oscar Sundqvist in Knights zone.
16:12 of 2nd period - Slapshot by Brendan Gaunce.
16:12 of 2nd period - Stopped by Anton Forsberg without a rebound.
16:13 of 2nd period - Brendan Gaunce wins face-off versus Calle Jarnkrok in Harfangs zone.
16:16 of 2nd period - Snap shot by Brendan Gaunce.
16:16 of 2nd period - Stopped by Anton Forsberg without a rebound.
16:17 of 2nd period - Brendan Gaunce wins face-off versus Calle Jarnkrok in Harfangs zone.
16:18 of 2nd period - Slapshot by Jaccob Slavin.
16:18 of 2nd period - Deflect By Valentin Zykov.
16:18 of 2nd period - Stopped by Anton Forsberg without a rebound.
16:19 of 2nd period - Calle Jarnkrok wins face-off versus Brendan Gaunce in Harfangs zone.
16:25 of 2nd period - Slapshot by Dylan Olsen.
16:25 of 2nd period - Stopped by Magnus Hellberg with a rebound.
16:27 of 2nd period - Snap shot by Tyler Randell.
16:27 of 2nd period - Stopped by Magnus Hellberg with a rebound.
16:29 of 2nd period - Snap shot by Calle Jarnkrok.
16:29 of 2nd period - Shot Blocked by Jaccob Slavin.
16:31 of 2nd period - Snap shot by Tyler Randell.
16:31 of 2nd period - Shot Blocked by Brendan Gaunce.
16:33 of 2nd period - Slapshot by Tyler Randell.
16:33 of 2nd period - Deflect By Michael Bournival.
16:33 of 2nd period - Shot Blocked by Brendan Gaunce.
16:33 of 2nd period - Puck is out of play.
16:34 of 2nd period - Boone Jenner wins face-off versus Calle Jarnkrok in Knights zone.
16:39 of 2nd period - Slapshot by Jaccob Slavin.
16:39 of 2nd period - Stopped by Anton Forsberg with a rebound.
16:41 of 2nd period - Wrist shot by Boone Jenner.
16:41 of 2nd period - Shot Misses the Net.
16:43 of 2nd period - Wrist shot by Josh Bailey.
16:43 of 2nd period - Shot Blocked by Dylan Olsen.
16:45 of 2nd period - Slapshot by Boone Jenner.
16:45 of 2nd period - Shot Blocked by Dylan Olsen.
16:47 of 2nd period - Wrist shot by Josh Bailey.
16:47 of 2nd period - Goal by Josh Bailey - Knights : 4 - Harfangs : 3.
16:48 of 2nd period - Calle Jarnkrok wins face-off versus Boone Jenner in neutral zone.
17:03 of 2nd period - Snap shot by Ronalds Kenins.
17:03 of 2nd period - Deflect By Boone Jenner.
17:03 of 2nd period - Stopped by Anton Forsberg without a rebound.
17:04 of 2nd period - Miro Aaltonen wins face-off versus Ryan Hartman in Harfangs zone.
17:05 of 2nd period - Wrist shot by Linden Vey.
17:05 of 2nd period - Shot Misses the Net.
17:07 of 2nd period - Snap shot by Jordan Martinook.
17:07 of 2nd period - Stopped by Anton Forsberg without a rebound.
17:08 of 2nd period - Oscar Sundqvist wins face-off versus Miro Aaltonen in Harfangs zone.
17:33 of 2nd period - Snap shot by Dylan Olsen.
17:33 of 2nd period - Shot Misses the Net.
17:35 of 2nd period - Wrist shot by Michael Bournival.
17:35 of 2nd period - Shot Misses the Net.
17:41 of 2nd period - Wrist shot by Tyler Randell.
17:41 of 2nd period - Stopped by Magnus Hellberg with a rebound.
17:43 of 2nd period - Wrist shot by Reid McNeill.
17:43 of 2nd period - Shot Blocked by Tomas Kundratek.
17:55 of 2nd period - Wrist shot by Morgan Klimchuk.
17:55 of 2nd period - Shot Blocked by Tomas Kundratek.
17:57 of 2nd period - Slapshot by Morgan Klimchuk.
17:57 of 2nd period - Stopped by Magnus Hellberg with a rebound.
17:59 of 2nd period - Snap shot by Morgan Klimchuk.
17:59 of 2nd period - Shot Misses the Net.
18:01 of 2nd period - Slapshot by Mark Alt.
18:01 of 2nd period - Shot Misses the Net.
18:41 of 2nd period - Snap shot by Linden Vey.
18:41 of 2nd period - Shot Misses the Net.
18:43 of 2nd period - Slapshot by Jaccob Slavin.
18:43 of 2nd period - Shot Misses the Net.
18:45 of 2nd period - Slapshot by Tomas Kundratek.
18:45 of 2nd period - Stopped by Anton Forsberg with a rebound.
18:59 of 2nd period - Snap shot by Alan Quine.
18:59 of 2nd period - Deflect By Vince Hinostroza.
18:59 of 2nd period - Shot Blocked by Rinat Valiev.
18:59 of 2nd period - Puck is out of play.
19:00 of 2nd period - Vince Hinostroza wins face-off versus Tyler Randell in Harfangs zone.
19:11 of 2nd period - Wrist shot by Tyler Randell.
19:11 of 2nd period - Deflect By Alan Quine.
19:11 of 2nd period - Shot Blocked by Vince Hinostroza.
19:11 of 2nd period - Puck is out of play.
19:12 of 2nd period - Boone Jenner wins face-off versus Calle Jarnkrok in Knights zone.
19:43 of 2nd period - Snap shot by Jordan Martinook.
19:43 of 2nd period - Shot Misses the Net.
19:45 of 2nd period - Slapshot by Michael Matheson.
19:45 of 2nd period - Shot Misses the Net.
19:47 of 2nd period - Wrist shot by Jordan Martinook.
19:47 of 2nd period - Stopped by Anton Forsberg with a rebound.
19:58 of 2nd period - Off-side.
19:59 of 2nd period - Alan Quine wins face-off versus Calle Jarnkrok in neutral zone.
Goals for this period are 3 for Knights vs 3 for Harfangs.
Shots for this period are 16 for Knights vs 15 for Harfangs.
3rd period
0:01 of 3rd period - Calle Jarnkrok wins face-off versus Ronalds Kenins in neutral zone.
0:11 of 3rd period - Icing by Jaccob Slavin.
0:12 of 3rd period - Calle Jarnkrok wins face-off versus Boone Jenner in Knights zone.
0:28 of 3rd period - Jaccob Slavin is hit by Tyler Randell and loses puck.
0:39 of 3rd period - Slapshot by Boone Jenner.
0:39 of 3rd period - Shot Misses the Net.
0:41 of 3rd period - Snap shot by Josh Bailey.
0:41 of 3rd period - Stopped by Anton Forsberg with a rebound.
0:43 of 3rd period - Wrist shot by Ronalds Kenins.
0:43 of 3rd period - Goal by Ronalds Kenins - Knights : 5 - Harfangs : 3.
0:44 of 3rd period - Calle Jarnkrok wins face-off versus Miro Aaltonen in neutral zone.
0:49 of 3rd period - Jordan Martinook is hit by Michael Bournival.
1:16 of 3rd period - Wrist shot by Brendan Gaunce.
1:16 of 3rd period - Stopped by Anton Forsberg with a rebound.
1:57 of 3rd period - Slapshot by Nathan Walker.
1:57 of 3rd period - Shot Misses the Net.
1:59 of 3rd period - Slapshot by Collin Miller.
1:59 of 3rd period - Shot Blocked by Mark Alt.
3:52 of 3rd period - Snap shot by Brendan Gaunce.
3:52 of 3rd period - Shot Blocked by Brenden Kichton.
3:54 of 3rd period - Slapshot by Brendan Gaunce.
3:54 of 3rd period - Shot Blocked by Lucas Wallmarkk.
3:54 of 3rd period - Lucas Wallmarkk from Harfangs is injured at 3:54 of 3rd period (Sprained Left Ankle).
3:55 of 3rd period - Calle Jarnkrok wins face-off versus Boone Jenner in Harfangs zone.
4:10 of 3rd period - Wrist shot by Ronalds Kenins.
4:10 of 3rd period - Shot Misses the Net.
4:25 of 3rd period - Snap shot by Collin Miller.
4:25 of 3rd period - Stopped by Anton Forsberg without a rebound.
4:26 of 3rd period - Oscar Sundqvist wins face-off versus Miro Aaltonen in Harfangs zone.
4:41 of 3rd period - Snap shot by Andreas Martinsen.
4:41 of 3rd period - Shot Misses the Net.
4:58 of 3rd period - Wrist shot by Linden Vey.
4:58 of 3rd period - Stopped by Anton Forsberg without a rebound.
4:59 of 3rd period - Boone Jenner wins face-off versus Calle Jarnkrok in Harfangs zone.
5:12 of 3rd period - Snap shot by Tyler Randell.
5:12 of 3rd period - Shot Blocked by Tomas Kundratek.
5:14 of 3rd period - Wrist shot by Michael Bournival.
5:14 of 3rd period - Harfangs goal is going for a video replay.
5:14 of 3rd period - The goal is good.
5:14 of 3rd period - Goal by Michael Bournival - Knights : 5 - Harfangs : 4.
5:15 of 3rd period - Calle Jarnkrok wins face-off versus Boone Jenner in neutral zone.
5:38 of 3rd period - Minor Penalty to Calle Jarnkrok for Hooking.
5:39 of 3rd period - Josh Bailey wins face-off versus Tyler Randell in Harfangs zone.
6:09 of 3rd period - Wrist shot by Jaccob Slavin.
6:09 of 3rd period - Stopped by Anton Forsberg with a rebound.
6:11 of 3rd period - Slapshot by Jaccob Slavin.
6:11 of 3rd period - Goal by Jaccob Slavin - Knights : 6 - Harfangs : 4.
6:12 of 3rd period - Boone Jenner wins face-off versus Calle Jarnkrok in neutral zone.
6:33 of 3rd period - Minor Penalty to Reid McNeill for Roughing.
6:34 of 3rd period - Boone Jenner wins face-off versus Tyler Randell in Harfangs zone.
6:37 of 3rd period - Slapshot by Jaccob Slavin.
6:37 of 3rd period - Shot Blocked by Dylan Olsen.
6:41 of 3rd period - Snap shot by Jaccob Slavin.
6:41 of 3rd period - Stopped by Anton Forsberg with a rebound.
6:43 of 3rd period - Wrist shot by Jordan Martinook.
6:43 of 3rd period - Shot Misses the Net.
6:59 of 3rd period - Miro Aaltonen is hit by Andreas Martinsen and loses puck.
7:18 of 3rd period - Jordan Martinook is hit by Blake Heinrich and loses puck.
7:35 of 3rd period - Tyler Randell is hit by Linden Vey and loses puck.
8:04 of 3rd period - Andreas Martinsen is hit by Linden Vey and loses puck.
8:33 of 3rd period - Penalty to Reid McNeill is over, Reid McNeill is back on ice.
11:11 of 3rd period - Michael Matheson is hit by Cristoval Nieves and loses puck.
11:16 of 3rd period - Slapshot by Cristoval Nieves.
11:16 of 3rd period - Stopped by Magnus Hellberg with a rebound.
11:24 of 3rd period - Wrist shot by Dylan Olsen.
11:24 of 3rd period - Deflect By Alan Quine.
11:24 of 3rd period - Stopped by Magnus Hellberg with a rebound.
11:55 of 3rd period - Oscar Sundqvist is hit by Collin Miller and loses puck.
12:02 of 3rd period - Wrist shot by Ronalds Kenins.
12:02 of 3rd period - Stopped by Anton Forsberg without a rebound.
12:03 of 3rd period - Calle Jarnkrok wins face-off versus Boone Jenner in Harfangs zone.
12:03 of 3rd period - Calle Jarnkrok is hit by Michael Matheson.
12:29 of 3rd period - Ryan Hartman is hit by Jordan Martinook and loses puck.
12:56 of 3rd period - Snap shot by Valentin Zykov.
12:56 of 3rd period - Deflect By Brendan Gaunce.
12:56 of 3rd period - Stopped by Anton Forsberg without a rebound.
12:57 of 3rd period - Brendan Gaunce wins face-off versus Cristoval Nieves in Harfangs zone.
13:10 of 3rd period - Snap shot by Nikolay Goldobin.
13:10 of 3rd period - Stopped by Anton Forsberg with a rebound.
13:13 of 3rd period - Minor Penalty to Dylan Olsen for Holding.
13:14 of 3rd period - Boone Jenner wins face-off versus Tyler Randell in Harfangs zone.
13:22 of 3rd period - Minor Penalty to Reid McNeill for Hooking.
13:23 of 3rd period - Jordan Martinook wins face-off versus Tyler Randell in Harfangs zone.
13:39 of 3rd period - Wrist shot by Tyler Randell.
13:39 of 3rd period - Shot Blocked by Jaccob Slavin.
14:23 of 3rd period - Slapshot by Jake Dotchin.
14:23 of 3rd period - Stopped by Magnus Hellberg with a rebound.
15:03 of 3rd period - Slapshot by Mark Alt.
15:03 of 3rd period - Stopped by Magnus Hellberg with a rebound.
15:05 of 3rd period - Slapshot by Oscar Sundqvist.
15:05 of 3rd period - Stopped by Magnus Hellberg with a rebound.
15:13 of 3rd period - Penalty to Dylan Olsen is over, Dylan Olsen is back on ice.
15:22 of 3rd period - Penalty to Reid McNeill is over, Reid McNeill is back on ice.
15:32 of 3rd period - Erik Nystrom is hit by Michael Matheson and loses puck.
16:28 of 3rd period - Boone Jenner is hit by Morgan Klimchuk and loses puck.
16:47 of 3rd period - Wrist shot by Sven Andrighetto.
16:47 of 3rd period - Stopped by Magnus Hellberg with a rebound.
16:49 of 3rd period - Snap shot by Erik Nystrom.
16:49 of 3rd period - Stopped by Magnus Hellberg with a rebound.
18:15 of 3rd period - Snap shot by Cristoval Nieves.
18:15 of 3rd period - Shot Misses the Net.
18:37 of 3rd period - Josh Bailey is hit by Reid McNeill and loses puck.
18:56 of 3rd period - Brendan Gaunce is hit by Brenden Kichton and loses puck.
19:17 of 3rd period - Slapshot by Erik Nystrom.
19:17 of 3rd period - Shot Blocked by Josh Bailey.
19:33 of 3rd period - Jake Dotchin is hit by Linden Vey and loses puck.
Goals for this period are 2 for Knights vs 1 for Harfangs.
Shots for this period are 11 for Knights vs 8 for Harfangs.
Back to the Top